 Dungeon Crawl Stone Soup version 0.14-a0-2506-gc7bb754 (webtiles) character file.

76 BluebellGnoll the Sneak (level 3, -6/21 HPs)
             Began as an Octopode Enchanter on Feb 9, 2014.
             Was an Initiate of Dithmengos.
             Mangled by Sigmund
             ... wielding a +1,+1 scythe
              (8 damage)
             ... on Level 2 of the Dungeon.
             The game lasted 00:08:40 (1869 turns).

BluebellGnoll the Sneak (Octopode Enchanter)        Turns: 1869, Time: 00:08:40

HP  -6/21        AC  1     Str  7      XL: 3   Next: 64%
MP   2/6         EV 12     Int 17      God: Dithmengos [......]
Gold 31          SH  0     Dex 13      Spells:  3 memorised,  0 levels left

rFire  . . .     SeeInvis .     e - +2,+0 short sword
rCold  + . .     Clarity  .     (no shield)
rNeg   . . .     Conserve .     g - +0 hat
rPois  .         rCorr    .     (no amulet)
rElec  .         rRot     .     l - ring of protection from cold {unknown}
SustAb . .       Spirit   .     (no ring)
rMut   .         Warding  .     (no ring)
Saprov . . .     Stasis   .     (no ring)
MR     .....                    (no ring)
                                (no ring)
                                (no ring)
                                (no ring)

@: not resistant to hostile enchantments, very stealthy
A: almost no armour, amphibious, 8 rings, constrict 8, camouflage 1, gelatinous
body 1
a: Renounce Religion


You were on level 2 of the Dungeon.
You worshipped Dithmengos.
Dithmengos was noncommittal.
You were not hungry.

You visited 1 branch of the dungeon, and saw 2 of its levels.

You collected 31 gold pieces.

Inventory:

Hand weapons
 a - a +1,+1 dagger
 e - a +2,+0 short sword (weapon)
Missiles
 d - 13 darts (quivered)
 j - 12 poisoned needles
Armour
 g - a +0 hat (worn)
Comestibles
 f - 2 bread rations
 o - a chunk of giant cockroach flesh
Scrolls
 b - a scroll of remove curse {unknown}
 h - a scroll of magic mapping {unknown}
 i - 3 scrolls of noise {unknown}
 k - a scroll of enchant armour {unknown}
 n - a scroll of identify {unknown}
Jewellery
 l - a ring of protection from cold (left tentacle) {unknown}
Books
 c - a book of Maledictions

   Spells                             Type                      Level
   *Corona                            Hexes                        1
   *Sure Blade                        Hexes/Charms                 2
   Ensorcelled Hibernation            Hexes/Ice                    2
   *Confuse                           Hexes                        3
   Enslavement                        Hexes                        4
   Invisibility                       Hexes                        6


   Skills:
 - Level 1.0 Short Blades
 - Level 1.0 Throwing
 - Level 2.0 Dodging
 - Level 5.3 Stealth
 - Level 2.0 Spellcasting
 + Level 3.1 Hexes


You couldn't memorise any spells.
You knew the following spells:

 Your Spells              Type           Power        Failure   Level  Hunger
a - Corona                Hex            ##.....      6%          1    #......
b - Sure Blade            Hex/Chrm       #.........   17%         2    ###....
c - Confuse               Hex            ##......     17%         3    ####...


Dungeon Overview and Level Annotations

Branches:
Dungeon (2/16)

Altars:
Ashenzari
Cheibriados
Dithmengos
Elyvilon

Annotations:
D:2 Sigmund


Innate Abilities, Weirdness & Mutations

You cannot wear most types of armour.
You are amphibious.
You can wear up to eight rings at the same time.
You can use your tentacles to constrict many enemies at once.
Your skin changes colour to match your surroundings (Stlth).
Your rubbery body absorbs attacks (AC +1).


Message History

Aim: Sigmund, wielding a scythe and wearing a glowing robe Sigmund appears confused.
Casting: Confuse
Confirm with . or Enter, or press ? or * to list all spells.
You become one with your weapon.
Found 10 gold pieces.
Sigmund seems less confused.
Sigmund mumbles some strange words.
Sigmund flickers and vanishes!
Deactivating autopickup; reactivate with Ctrl-A.
You barely miss something. Something hits you.
You hit something but do no damage. The bond with your blade fades away.
You closely miss something. You squeeze something. Something hits you!
You hit something. Something hits you but does no damage.
You hit something but do no damage. You barely miss something.
You squeeze something. Something hits you.
* * * LOW HITPOINT WARNING * * *
You closely miss something. You squeeze something. Something hits you!
You die...

######....##.#......###
#........
>..###....##.#......#
#...#.###
#...##....##.......##
#.....# #
#...##############.#
##.#### # #...# ####
#.##### #.# # ....# #..
......# #.# . #...#
######.# ......# #.# .
#######......####......#
. . #..........@......#
#......####.#.###.#
#......# #..... ####
#......####....... ...#
#.................#
##.###.#########..$....
#.....# #...... #######
###.##


There were no monsters in sight!

Vanquished Creatures
  A gnoll (D:1)
  2 giant geckos (D:1)
  A ball python (D:1)
  5 giant cockroaches
  2 goblins
  4 hobgoblins (D:1)
  2 jackals (D:1)
  5 bats
  2 giant newts (D:1)
  5 kobolds (D:1)
  5 rats
34 creatures vanquished.

Notes
Turn   | Place    | Note
--------------------------------------------------------------
     0 | D:1      | BluebellGnoll, the Octopode Enchanter, began the quest for the Orb.
     0 | D:1      | Reached XP level 1. HP: 11/11 MP: 3/3
   174 | D:1      | Reached skill level 4 in Stealth
   174 | D:1      | Reached XP level 2. HP: 6/17 MP: 2/4
   496 | D:1      | Learned a level 2 spell: Sure Blade
   857 | D:1      | Reached XP level 3. HP: 18/21 MP: 6/6
   862 | D:1      | Learned a level 3 spell: Confuse
   900 | D:1      | Reached skill level 5 in Stealth
  1665 | D:2      | Found a shadowy altar of Dithmengos.
  1670 | D:2      | Became a worshipper of Dithmengos
  1699 | D:2      | Found a snail-covered altar of Cheibriados.
  1702 | D:2      | Found a white marble altar of Elyvilon.
  1705 | D:2      | Found a shattered altar of Ashenzari.
  1855 | D:2      | Noticed Sigmund
  1869 | D:2      | Mangled by Sigmund

Action                   || total
-------------------------++-------
Melee: Dagger            ||     9
       Short sword       ||    75
Throw: Dart              ||     3
 Cast: Corona            ||    11
       Sure Blade        ||    13
       Confuse           ||     1
 Stab: Sleeping          ||     4
